 Dungeon Crawl Stone Soup version 0.28.0-53-g5a82cb258f (webtiles) character file.

Game seed: 1942702267948359960

611 Gabide the Conjurer (level 7, -3/50 HPs)
             Began as a Demigod Conjurer on June 26, 2022.
             Slain by Pikel
             ... wielding a +0 whip of freezing
              (5 damage)
             ... while paralysed by Pikel
             ... on level 3 of the Dungeon.
             The game lasted 00:07:14 (4203 turns).

Gabide the Conjurer (Demigod Conjurer)              Turns: 4203, Time: 00:07:14

Health: -3/50      AC:  4    Str:  8    XL:     7   Next: 0%
Magic:  4/16       EV:  2    Int: 28    God:
Gold:   207        SH:  0    Dex: 12    Spells: 8/14 levels left

rFire   . . .      SeeInvis .   a - staff of conjuration
rCold   . . .      Faith    .   (no shield)
rNeg    . . .      Spirit   .   i - +0 leather armour
rPois   +          Reflect  +   o - +0 helmet
rElec   .          Harm     .   (no cloak)
rCorr   .          Rampage  .   (no gloves)
Will    .....                   (no boots)
Stlth   ++........              j - amulet of reflection
HPRegen 0.16/turn               c - ring of poison resistance
MPRegen 0.15/turn               d - ring of wizardry

@: paralysed
A: high MP 1, forlorn, divine attributes
a: no special abilities


You were on level 3 of the Dungeon.
You visited 1 branch of the dungeon, and saw 4 of its levels.

You collected 207 gold pieces.

Inventory:

Hand Weapons
 b - a +1 dagger of venom
Armour
 i - a +0 leather armour (worn)
 o - a +0 helmet (worn)
Magical Staves
 a - a staff of conjuration (weapon)
Jewellery
 c - a ring of poison resistance (left hand)
 d - a ring of wizardry (right hand)
 j - an amulet of reflection (around neck)
 q - an amulet of the acrobat
 r - the ring of Paranoia {rElec rF+ Str+6 Dex+2}
   (You found it on level 3 of the Dungeon)

   [ring of strength]

   Str:       It affects your strength (+6).
   Dex:       It affects your dexterity (+2).
   rF:        It protects you from fire.
   rElec:     It insulates you from electricity.
 t - a ring of willpower
Scrolls
 e - a scroll of fear
 f - 2 scrolls of teleportation
 g - a scroll of magic mapping
 h - a scroll of vulnerability {unknown}
 k - a scroll of blinking {unknown}
 l - a scroll of enchant armour {unknown}
 s - a scroll of amnesia {unknown}
Potions
 m - a potion of attraction
 p - a potion of lignification


   Skills:
 - Level 1.7 Dodging
 - Level 1.7 Stealth
 + Level 4.0 Spellcasting
 * Level 6.9 Conjurations


You had 8 spell levels left.
You knew the following spells:

 Your Spells              Type           Power      Damage    Failure   Level
a - Magic Dart            Conj           100%       1d8       1%          1
b - Searing Ray           Conj           100%       2d8       1%          2
c - Dazzling Flash        Conj/Hex       74%        N/A       3%          3

Your spell library contained the following spells:

 Spells                   Type           Power      Damage    Failure   Level
 Fulminant Prism          Conj/Hex       18%        3d11      11%         4
 Iskenderun's Mystic Bla  Conj/Tloc      37%        2d9       11%         4


Dungeon Overview and Level Annotations

Branches:
Dungeon (4/15)             Temple (0/1) D:4

Annotations:
D:3 Pikel


Innate Abilities, Weirdness & Mutations

You have an increased reservoir of magic. (+10% MP)
You shall have no god before yourself.
Your divine heritage dramatically boosts your attributes as you level up.


Message History

Pikel hits you with a +0 whip of freezing!
Pikel freezes you.
* * * LOW HITPOINT WARNING * * *
You block the lemure's attack. The lemure misses you.
Pikel zaps a wand.
You suddenly lose the ability to move!
The lemure hits you but does no damage.
You can move again.
You feel much better. The lemure hits you.
Casting: Searing Ray (safe; 1% risk of failure)
Confirm with . or Enter, or press ? or * to list all spells.
Okay, then.
You feel a surge of power!
The searing ray misses Pikel.
The searing ray hits the lemure!
The lemure is severely wounded. (Press . to maintain the ray.) Pikel zaps a wand.
You easily resist.
The searing ray hits Pikel.
Pikel is almost dead.
The searing ray hits the lemure!
You kill the lemure!
That felt strangely unrewarding.
Pikel says, "You'll feel the lick of my whip!"
Pikel hits you with a +0 whip of freezing.
Pikel freezes you.
The searing ray hits Pikel.
Pikel is almost dead.
The searing ray hits the lemure!
You kill the lemure!
That felt strangely unrewarding.
Pikel zaps a wand.
You suddenly lose the ability to move!
Pikel barely misses you.
Pikel hits you with a +0 whip of freezing!
Pikel freezes you.
Pikel hits you with a +0 whip of freezing!
* * * LOW HITPOINT WARNING * * *
Pikel freezes you.
* * * LOW HITPOINT WARNING * * *
Pikel hits you with a +0 whip of freezing.
You die...

#.# #.......# #. #.# #.####### #.
#############.########.# #.
......#................# #.
#####.#.#####.####..<..# #.
......)..)).#.# #.....# #.
......#.###.#.# #.....# #.
......#.###.#.####.....# #.
................@K...>.##########
......#.###.#..###.............#
......#.# #.#..# #.............#
#####.#.# #.#..# #.............#
........# #.#..# #....(........#
#####.#####.#..# #.............#
............#..# #.............#
#.########.##..# #####'#########
#...........#..# #.#


You could see Pikel.

Vanquished Creatures
  Grinder (D:4)
  A black bear (D:4)
  2 lemures (D:3)
  2 scorpions
  A jelly (D:3)
  Jessica (D:2)
  Terence (D:3)
  A hound skeleton (D:4)
  Robin (D:2)
  An adder (D:3)
  A dart slug (D:2)
  9 orcs
  3 bats
  9 endoplasms
  13 hobgoblins
  11 jackals
  4 quokkas
  5 ball pythons
  7 frilled lizards
  8 goblins
  3 kobolds
  10 rats
95 creatures vanquished.

Vanquished Creatures (others)
  7 fungi (D:2)
  8 plants (D:2)
15 creatures vanquished.

Grand Total: 110 creatures vanquished

Notes
Turn   | Place    | Note
-------+----------+-------------------------------------------
     0 | D:1      | Gabide the Demigod Conjurer began the quest for the Orb.
     0 | D:1      | Reached XP level 1. HP: 14/14 MP: 5/5
   560 | D:1      | Reached skill level 4 in Conjurations
   560 | D:1      | Reached XP level 2. HP: 20/20 MP: 5/7
   563 | D:1      | Learned a level 2 spell: Searing Ray
  1250 | D:2      | Noticed a scorpion
  1262 | D:2      | Killed a scorpion
  1263 | D:2      | Reached XP level 3. HP: 26/26 MP: 0/9
  1263 | D:2      | Reached XP level 4. HP: 33/33 MP: 0/10
  1383 | D:2      | Noticed Robin
  1480 | D:2      | Killed Robin
  1612 | D:2      | Reached skill level 5 in Conjurations
  1634 | D:2      | Noticed Jessica
  1641 | D:2      | Killed Jessica
  2459 | D:3      | Reached XP level 5. HP: 38/38 MP: 6/12
  3162 | D:3      | Noticed Terence
  3170 | D:3      | Killed Terence
  3266 | D:3      | Learned a level 3 spell: Dazzling Flash
  3455 | D:3      | Identified the ring of Paranoia {rElec rF+ Str+6 Dex+2}
  3756 | D:4      | Noticed a black bear
  3757 | D:4      | Noticed Grinder
  3763 | D:4      | Killed a black bear
  3764 | D:4      | Reached skill level 6 in Conjurations
  3764 | D:4      | Reached XP level 6. HP: 45/45 MP: 8/14
  3899 | D:4      | Killed Grinder
  3991 | D:4      | Found a staircase to the Ecumenical Temple.
  4115 | D:4      | Reached XP level 7. HP: 50/50 MP: 13/16
  4166 | D:4      | Noticed Pikel
  4191 | D:3      | Paralysed by Pikel for 2 turns
  4199 | D:3      | Paralysed by Pikel for 7 turns
  4202 | D:3      | HP: 2/50 [Pikel/+0 whip of freezing (4)]
  4203 | D:3      | Slain by Pikel

Illustrated notes

Levels and vault maps discovered:
D:1:      nagdon_arrival_double_spiral, layout_loops_corners,
          corexii_leaking_fountain
D:2:      layout_rooms, shapermc_ecumenical_altar_mp_urbaneastern, st_stairs_12,
          uniq_jessica, uniq_robin
D:3:      layout_basic, overflow_temple_1_default, bh_walls_and_bars,
          uniq_terence
D:4:      layout_cave_pools, mainiacjoe_overflow_small_starburst,
          lemuel_temple_firewalk_b, amcnicky_mini_pool_small, uniq_ijyb,
          uniq_pikel, uniq_grinder, uniq_duvessa

Skill      XL: |  1  2  3  4  5  6 |
---------------+-------------------+-----
Spellcasting   | 2 3 4 |  4.0
Conjurations   | 4 5 6 |  6.9
Dodging        | |  1.7
Stealth        | |  1.7

Action                   |  1- 3 |  4- 6 |  7- 9 || total
-------------------------+-------+-------+-------++-------
Melee: Staff             |       |     5 |       ||     5
 Cast: Magic Dart        |    37 |   122 |     4 ||   163
       Searing Ray       |     3 |    13 |     4 ||    20
       Dazzling Flash    |       |     1 |       ||     1
  Use: Scroll            |     1 |     5 |       ||     6
       Potion            |       |       |     1 ||     1
Armor: Robe              |     1 |     3 |       ||     4
       Leather armour    |       |     2 |     6 ||     8
Dodge: Dodged            |     4 |    14 |     6 ||    24
Block: Other             |     1 |     7 |     2 ||    10
